Bruins vs Avalanche
Created - 23 janvier 2014 at 19:06
Goals
|
| Bruins |
1 |
1 |
1 |
0 |
3 |
| Avalanche |
0 |
2 |
1 |
1 |
4 |
|
Shots
|
| Bruins |
10 |
12 |
9 |
0 |
31 |
| Avalanche |
12 |
11 |
11 |
2 |
36 |
|
1st period
1. Bruins , Dave Bolland 4 (Victor Oreskovich, Vitali Yachmenev) at 16:52
Penalties :
Ryan Smyth (Col) for Tripping (Minor) at 2:44, Daniel Briere (Bos) for Cross-checking (Minor) at 16:57
2nd period
2. Bruins , Daniel Briere 26 (Eric Lindros) at 0:29 (PP)
3. Avalanche , Maxim Talbot 7 (Brian Campbell, Dave Tanabe) at 5:16
4. Avalanche , Corey Perry 14 (Ryan Smyth, Oleg Kvasha) at 15:27
Penalties :
Dave Tanabe (Col) for Roughing (Minor) at 0:27, Michal Grosek (Bos) for Hooking (Minor) at 6:33, Erik Cole (Col) for Hooking (Minor) at 10:45
3rd period
5. Bruins , Zdeno Chara 3 (Daniel Briere) at 6:28 (PP)
6. Avalanche , Jack Johnson 4 (Corey Perry) at 7:01
Penalties :
Rostislav Olesz (Col) for Hooking (Minor) at 6:16, Ryan Smyth (Col) for Holding (Minor) at 10:05
Overtime #1
7. Avalanche , Marc Staal 2 (Jack Johnson, Oleg Kvasha) at 0:14
Penalties :
No Penalty
Goalie Stats
Evgeni Nabokov (Bos), 32 saves from 36 shots - (0,889), OTL, 26-10-2, 60:14 minutes
Marty Turco (Col), 28 saves from 31 shots - (0,903), W, 17-11-3, 60:14 minutes
Players Stats for Bruins
Player Name G A P +/- PIM S H SB GA TA FO MP PP MP PK MP
------------------------------------------------------------------------------------
Andrew Alberts 0 0 0 -2 0 0 0 1 1 0 0/0 27:53 3:04 2:34
Christoph Schubert 0 0 0 0 0 0 0 1 0 0 0/0 12:07 0:00 0:00
Daniel Briere 1 1 2 -1 2 1 1 0 3 1 2/3 21:44 3:18 0:25
Dave Bolland 1 0 1 1 0 3 1 0 0 0 2/3 12:17 0:00 0:26
Eric Lindros 0 1 1 -2 0 5 3 2 0 0 20/45 23:44 3:18 2:21
Éric Perrin 0 0 0 -1 0 1 0 0 0 0 2/3 8:26 0:00 0:46
Jeff Carter 0 0 0 -1 0 4 1 0 2 0 5/8 15:22 2:53 0:00
Mark Stuart 0 0 0 -1 0 0 0 1 1 1 0/0 17:25 0:00 1:24
Martin Erat 0 0 0 -1 0 2 1 0 0 0 0/0 7:58 0:00 0:00
Matt Cooke 0 0 0 1 0 2 2 1 0 1 0/0 12:32 0:00 0:41
Michal Grosek 0 0 0 -1 2 0 0 1 0 0 0/0 7:43 0:00 0:00
Richard Lintner 0 0 0 0 0 1 1 0 0 2 0/0 16:35 3:07 1:24
Ryan O'Byrne 0 0 0 -2 0 0 0 4 0 0 0/0 21:36 3:07 2:34
Scott Hartnell 0 0 0 -1 0 4 1 2 0 0 0/0 16:00 2:53 0:56
Victor Oreskovich 0 1 1 1 0 1 4 0 0 0 0/0 11:50 0:00 0:00
Vitali Yachmenev 0 1 1 -1 0 0 1 1 1 1 1/1 15:08 2:53 0:00
Wojtek Wolski 0 0 0 -2 0 4 1 1 2 0 0/0 23:44 3:18 2:21
Zdeno Chara 1 0 1 -1 0 3 4 0 0 0 0/0 24:52 3:04 0:00
Players Stats for Avalanche
Player Name G A P +/- PIM S H SB GA TA FO MP PP MP PK MP
------------------------------------------------------------------------------------
Andrew Ladd 0 0 0 0 0 2 2 0 0 0 0/0 11:34 0:06 2:38
Andy Delmore 0 0 0 0 0 0 1 0 0 1 0/0 16:11 1:16 0:00
Brian Campbell 0 1 1 1 0 3 0 0 1 0 0/0 19:58 2:42 0:00
Bryan Little 0 0 0 0 0 2 0 0 0 0 1/3 12:13 1:47 1:31
Chuck Kobasew 0 0 0 0 0 4 2 1 0 0 0/0 9:16 0:06 0:00
Corey Perry 1 1 2 1 0 4 2 0 1 0 1/2 20:31 1:47 0:00
Daniel Cleary 0 0 0 1 0 2 1 0 0 2 1/3 17:26 2:05 2:12
Dave Tanabe 0 1 1 1 2 1 1 2 0 1 0/0 22:20 2:42 2:23
Erik Cole 0 0 0 1 2 1 1 0 2 0 1/1 17:22 1:47 2:07
Jack Johnson 1 1 2 2 0 4 2 1 0 0 0/0 23:13 1:16 3:48
Jeff Taffe 0 0 0 0 0 0 1 0 0 1 0/0 9:25 0:00 0:38
Marc Staal 1 0 1 2 0 1 1 0 0 0 0/0 21:42 0:00 3:48
Maxim Talbot 1 0 1 0 0 1 1 1 0 0 5/6 8:41 0:00 0:01
Mike Comrie 0 0 0 1 0 2 2 0 0 1 7/20 16:31 0:00 3:15
Oleg Kvasha 0 2 2 2 0 3 0 1 0 0 14/27 21:03 2:04 0:00
Rostislav Olesz 0 0 0 0 2 1 0 0 0 1 0/0 9:00 0:07 0:00
Ryan Smyth 0 1 1 2 4 5 3 0 2 2 1/1 21:11 2:05 0:00
Shane O'Brien 0 0 0 0 0 0 1 1 0 1 0/0 17:03 0:00 2:23
3 Stars
1 - Jack Johnson (Col)
2 - Corey Perry (Col)
3 - Marc Staal (Col)
Power Play
Bruins - 2 on 5 Attempt(s) - 40,00%
Avalanche - 0 on 2 Attempt(s) - 0,00%
Penalty Kill
Bruins - 2 on 2 Attempt(s) - 100,00%
- Score 0 goal in Penalty Kill
Avalanche - 3 on 5 Attempt(s) - 60,00%
- Score 0 goal in Penalty Kill
Official
Referees : O'Rourke Dan and Watson Brad
Linesman : Dan Schachte and Steve Barton
Game Notes
No Game Note
Finance
Level 1 -- Attendance: 6000 (100,00%) -- Ticket Income 504 000 $
Level 2 -- Attendance: 4924 (98,48%) -- Ticket Income 246 200 $
Level 3 -- Attendance: 2000 (100,00%) -- Ticket Income 56 000 $
Level 4 -- Attendance: 4000 (100,00%) -- Ticket Income 72 000 $
Luxury Box -- Attendance: 916 (91,60%) -- Ticket Income 152 972 $
Game was played at the Pepsi Center
Total Attendance: 17840 (99,11%)
Total Ticket Income: 1 031 172 $
Other Income: 154 676 $
Total Income: 1 185 848 $
Bruins
5 vs 5 Forward
Center Left Wing Right Wing Time % Phy DF OF
1 Eric Lindros Wojtek Wolski Daniel Briere 40 0 2 3
2 Jeff Carter Scott Hartnell Vitali Yachmenev 30 1 2 2
3 Dave Bolland Matt Cooke Victor Oreskovich 20 1 2 2
4 Éric Perrin Michal Grosek Martin Erat 10 1 2 2
5 vs 5 Defense
Defense Defense Time % Phy DF OF
1 Andrew Alberts Zdeno Chara 40 1 2 2
2 Mark Stuart Ryan O'Byrne 30 1 2 2
3 Christoph Schubert Richard Lintner 20 1 2 2
4 Andrew Alberts Zdeno Chara 10 1 2 2
PowerPlay Forward
Center Left Wing Right Wing Time % Phy DF OF
1 Eric Lindros Wojtek Wolski Daniel Briere 60 1 2 2
2 Jeff Carter Scott Hartnell Vitali Yachmenev 40 1 2 2
PowerPlay Defense
Defense Defense Time % Phy DF OF
1 Andrew Alberts Zdeno Chara 60 1 2 2
2 Ryan O'Byrne Richard Lintner 40 1 2 2
Penalty Kill 4 Players Forward
Center Wing Time % Phy DF OF
1 Eric Lindros Wojtek Wolski 60 1 2 2
2 Daniel Briere Scott Hartnell 40 1 2 2
Penalty Kill 4 Players Defense
Defense Defense Time % Phy DF OF
1 Andrew Alberts Ryan O'Byrne 60 1 2 2
2 Mark Stuart Richard Lintner 40 1 2 2
Penalty Kill - 3 Players Forward
Forward Time % Phy DF OF
1 Eric Lindros 60 1 2 2
2 Wojtek Wolski 40 1 2 2
Penalty Kill - 3 Players Defense
Defense Defense Time % Phy DF OF
1 Andrew Alberts Ryan O'Byrne 60 1 2 2
2 Mark Stuart Richard Lintner 40 1 2 2
4 vs 4 Forward
Center Wing Time % Phy DF OF
1 Eric Lindros Wojtek Wolski 60 1 2 2
2 Daniel Briere Scott Hartnell 40 1 2 2
4 vs 4 Defense
Defense Defense Time % Phy DF OF
1 Andrew Alberts Ryan O'Byrne 60 1 2 2
2 Mark Stuart Zdeno Chara 40 1 2 2
Last Minutes Offensive
Center Left Wing Right Wing Defense Defense
Eric Lindros Wojtek Wolski Daniel Briere Andrew Alberts Zdeno Chara
Last Minutes Defensive
Center Left Wing Right Wing Defense Defense
Eric Lindros Wojtek Wolski Daniel Briere Andrew Alberts Ryan O'Byrne
Goaltenders
Starting : Evgeni Nabokov
Backup : Dan Cloutier
Extra Forwards
Normal : Victor Oreskovich, Martin Erat, Jeff Carter - PP : Victor Oreskovich, Martin Erat - PK : Éric Perrin
Extra Defensemen
Normal : Christoph Schubert, Zdeno Chara, Mark Stuart - PP : Christoph Schubert - PK : Zdeno Chara, Mark Stuart
Penalty Shots
Eric Lindros, Wojtek Wolski, Daniel Briere, Jeff Carter, Scott Hartnell
Avalanche
5 vs 5 Forward
Center Left Wing Right Wing Time % Phy DF OF
1 Oleg Kvasha Ryan Smyth Corey Perry 40 1 2 2
2 Mike Comrie Erik Cole Daniel Cleary 30 1 2 2
3 Maxim Talbot Andrew Ladd Chuck Kobasew 15 1 2 2
4 Bryan Little Rostislav Olesz Jeff Taffe 15 1 2 2
5 vs 5 Defense
Defense Defense Time % Phy DF OF
1 Marc Staal Jack Johnson 35 1 2 2
2 Dave Tanabe Brian Campbell 35 1 2 2
3 Shane O'Brien Andy Delmore 30 1 2 2
4 Marc Staal Jack Johnson 0 1 2 2
PowerPlay Forward
Center Left Wing Right Wing Time % Phy DF OF
1 Oleg Kvasha Ryan Smyth Daniel Cleary 60 1 2 2
2 Bryan Little Erik Cole Corey Perry 40 1 2 2
PowerPlay Defense
Defense Defense Time % Phy DF OF
1 Brian Campbell Dave Tanabe 60 1 2 2
2 Jack Johnson Andy Delmore 40 1 2 2
Penalty Kill 4 Players Forward
Center Wing Time % Phy DF OF
1 Mike Comrie Erik Cole 60 1 2 2
2 Daniel Cleary Andrew Ladd 40 1 2 2
Penalty Kill 4 Players Defense
Defense Defense Time % Phy DF OF
1 Marc Staal Jack Johnson 60 1 2 2
2 Dave Tanabe Shane O'Brien 40 1 2 2
Penalty Kill - 3 Players Forward
Forward Time % Phy DF OF
1 Mike Comrie 60 1 2 2
2 Oleg Kvasha 40 1 2 2
Penalty Kill - 3 Players Defense
Defense Defense Time % Phy DF OF
1 Marc Staal Jack Johnson 60 1 2 2
2 Dave Tanabe Brian Campbell 40 1 2 2
4 vs 4 Forward
Center Wing Time % Phy DF OF
1 Ryan Smyth Oleg Kvasha 60 1 2 2
2 Corey Perry Mike Comrie 40 1 2 2
4 vs 4 Defense
Defense Defense Time % Phy DF OF
1 Marc Staal Jack Johnson 60 1 2 2
2 Dave Tanabe Brian Campbell 40 1 2 2
Last Minutes Offensive
Center Left Wing Right Wing Defense Defense
Oleg Kvasha Ryan Smyth Corey Perry Brian Campbell Dave Tanabe
Last Minutes Defensive
Center Left Wing Right Wing Defense Defense
Mike Comrie Ryan Smyth Daniel Cleary Marc Staal Jack Johnson
Goaltenders
Starting : Marty Turco
Backup : Patrick Lalime
Extra Forwards
Normal : Rostislav Olesz, Chuck Kobasew, Bryan Little - PP : Rostislav Olesz, Chuck Kobasew - PK : Daniel Cleary
Extra Defensemen
Normal : Shane O'Brien, Jack Johnson, Dave Tanabe - PP : Shane O'Brien - PK : Jack Johnson, Dave Tanabe
Penalty Shots
Ryan Smyth, Daniel Cleary, Corey Perry, Mike Comrie, Erik Cole
% Time on Ice - Bruins
Lines # - Real PCT - Wanted PCT - Time Play
Normal Forward
1 - 37% - 40% - 18:24
2 - 24% - 30% - 12:11
3 - 23% - 20% - 11:36
4 - 15% - 10% - 7:40
Normal Defense
1 - 39% - 40% - 19:13
2 - 33% - 30% - 16:32
3 - 23% - 20% - 11:18
4 - 6% - 10% - 2:48
PP Forward
1 - 53% - 60% - 3:18
2 - 47% - 40% - 2:53
PP Defense
1 - 50% - 60% - 3:04
2 - 50% - 40% - 3:07
PK Forward
1 - 76% - 60% - 3:02
2 - 24% - 40% - 0:56
PK Defense
1 - 65% - 60% - 2:34
2 - 35% - 40% - 1:24
PK3 Forward
1 - 0% - 60%
2 - 0% - 40%
PK3 Defense
1 - 0% - 60%
2 - 0% - 40%
44 Forward
1 - 100% - 60% - 0:14
2 - 0% - 40% - 0:00
44 Defense
1 - 100% - 60% - 0:14
2 - 0% - 40% - 0:00
Last Minute Offensive - 0:00
Last Minute Defensive - 0:00
Total
Forward - 60:14
Defense - 60:14
|
% Time on Ice - Avalanche
Lines # - Real PCT - Wanted PCT - Time Play
Normal Forward
1 - 40% - 40% - 20:04
2 - 26% - 30% - 13:08
3 - 17% - 15% - 8:20
4 - 17% - 15% - 8:19
Normal Defense
1 - 35% - 35% - 17:41
2 - 35% - 35% - 17:30
3 - 29% - 30% - 14:40
4 - 0% - 0% - 0:00
PP Forward
1 - 55% - 60% - 2:11
2 - 45% - 40% - 1:47
PP Defense
1 - 68% - 60% - 2:42
2 - 32% - 40% - 1:16
PK Forward
1 - 85% - 60% - 5:14
2 - 15% - 40% - 0:57
PK Defense
1 - 61% - 60% - 3:48
2 - 39% - 40% - 2:23
PK3 Forward
1 - 0% - 60%
2 - 0% - 40%
PK3 Defense
1 - 0% - 60%
2 - 0% - 40%
44 Forward
1 - 100% - 60% - 0:14
2 - 0% - 40% - 0:00
44 Defense
1 - 100% - 60% - 0:14
2 - 0% - 40% - 0:00
Last Minute Offensive - 0:00
Last Minute Defensive - 0:00
Total
Forward - 60:14
Defense - 60:14
|
Play by Play
1st period
0:01 of 1st period - Eric Lindros wins face-off versus Oleg Kvasha in neutral zone.
0:12 of 1st period - Andrew Alberts is hit by Corey Perry and loses puck.
0:35 of 1st period - Backhand shot by Brian Campbell.
0:35 of 1st period - Stopped by Evgeni Nabokov with a rebound.
0:49 of 1st period - Slapshot by Zdeno Chara.
0:49 of 1st period - Stopped by Marty Turco with a rebound.
1:09 of 1st period - Snap shot by Brian Campbell.
1:09 of 1st period - Stopped by Evgeni Nabokov with a rebound.
1:28 of 1st period - Off-side.
1:29 of 1st period - Oleg Kvasha wins face-off versus Eric Lindros in neutral zone.
1:32 of 1st period - Wrist shot by Ryan Smyth.
1:32 of 1st period - Shot Misses the Net.
2:03 of 1st period - Slapshot by Mike Comrie.
2:03 of 1st period - Shot Blocked by Ryan O'Byrne.
2:15 of 1st period - Jeff Taffe is hit by Victor Oreskovich and loses puck.
2:21 of 1st period - Off-side.
2:22 of 1st period - Oleg Kvasha wins face-off versus Eric Lindros in neutral zone.
2:44 of 1st period - Minor Penalty to Ryan Smyth for Tripping.
2:45 of 1st period - Erik Cole wins face-off versus Eric Lindros in Avalanche zone.
3:00 of 1st period - Slapshot by Eric Lindros.
3:00 of 1st period - Stopped by Marty Turco with a rebound.
4:44 of 1st period - Penalty to Ryan Smyth is over, Ryan Smyth is back on ice.
4:58 of 1st period - Snap shot by Corey Perry.
4:58 of 1st period - Stopped by Evgeni Nabokov with a rebound.
5:00 of 1st period - Slapshot by Brian Campbell.
5:00 of 1st period - Shot Misses the Net.
5:09 of 1st period - Off-side.
5:10 of 1st period - Éric Perrin wins face-off versus Bryan Little in neutral zone.
5:14 of 1st period - Off-side.
5:15 of 1st period - Daniel Cleary wins face-off versus Éric Perrin in neutral zone.
5:17 of 1st period - Off-side.
5:18 of 1st period - Eric Lindros wins face-off versus Mike Comrie in neutral zone.
5:26 of 1st period - Wrist shot by Erik Cole.
5:26 of 1st period - Stopped by Evgeni Nabokov with a rebound.
5:28 of 1st period - Slapshot by Andy Delmore.
5:28 of 1st period - Deflect By Erik Cole.
5:28 of 1st period - Shot Misses the Net.
5:28 of 1st period - Puck is out of play.
5:29 of 1st period - Daniel Briere wins face-off versus Oleg Kvasha in Bruins zone.
5:33 of 1st period - Off-side.
5:34 of 1st period - Oleg Kvasha wins face-off versus Eric Lindros in neutral zone.
5:49 of 1st period - Andrew Alberts is hit by Ryan Smyth.
5:59 of 1st period - Snap shot by Mike Comrie.
5:59 of 1st period - Shot Misses the Net.
6:05 of 1st period - Snap shot by Mike Comrie.
6:05 of 1st period - Shot Blocked by Andrew Alberts.
6:07 of 1st period - Slapshot by Marc Staal.
6:07 of 1st period - Shot Misses the Net.
6:09 of 1st period - Slapshot by Jack Johnson.
6:09 of 1st period - Stopped by Evgeni Nabokov without a rebound.
6:10 of 1st period - Eric Lindros wins face-off versus Oleg Kvasha in Bruins zone.
6:37 of 1st period - Richard Lintner is hit by Mike Comrie and loses puck.
7:00 of 1st period - Wrist shot by Matt Cooke.
7:00 of 1st period - Shot Misses the Net.
7:23 of 1st period - Snap shot by Corey Perry.
7:23 of 1st period - Shot Misses the Net.
7:25 of 1st period - Snap shot by Oleg Kvasha.
7:25 of 1st period - Deflect By Andrew Alberts.
7:25 of 1st period - Stopped by Evgeni Nabokov without a rebound.
7:26 of 1st period - Oleg Kvasha wins face-off versus Eric Lindros in Bruins zone.
7:31 of 1st period - Wrist shot by Corey Perry.
7:31 of 1st period - Shot Misses the Net.
7:41 of 1st period - Icing by Marc Staal.
7:42 of 1st period - Jeff Carter wins face-off versus Oleg Kvasha in Avalanche zone.
7:43 of 1st period - Snap shot by Scott Hartnell.
7:43 of 1st period - Stopped by Marty Turco with a rebound.
7:45 of 1st period - Slapshot by Andrew Alberts.
7:45 of 1st period - Deflect By Jeff Carter.
7:45 of 1st period - Stopped by Marty Turco with a rebound.
8:36 of 1st period - Wrist shot by Victor Oreskovich.
8:36 of 1st period - Shot Blocked by Chuck Kobasew.
9:14 of 1st period - Jeff Carter is hit by Shane O'Brien and loses puck.
10:53 of 1st period - Slapshot by Erik Cole.
10:53 of 1st period - Shot Misses the Net.
10:55 of 1st period - Slapshot by Jack Johnson.
10:55 of 1st period - Shot Blocked by Mark Stuart.
10:57 of 1st period - Snap shot by Marc Staal.
10:57 of 1st period - Shot Blocked by Ryan O'Byrne.
10:59 of 1st period - Slapshot by Jack Johnson.
10:59 of 1st period - Stopped by Evgeni Nabokov without a rebound.
11:00 of 1st period - Eric Lindros wins face-off versus Oleg Kvasha in Bruins zone.
11:07 of 1st period - Slapshot by Wojtek Wolski.
11:07 of 1st period - Stopped by Marty Turco without a rebound.
11:08 of 1st period - Eric Lindros wins face-off versus Oleg Kvasha in Avalanche zone.
11:19 of 1st period - Snap shot by Eric Lindros.
11:19 of 1st period - Deflect By Wojtek Wolski.
11:19 of 1st period - Stopped by Marty Turco with a rebound.
11:23 of 1st period - Snap shot by Eric Lindros.
11:23 of 1st period - Stopped by Marty Turco without a rebound.
11:24 of 1st period - Jeff Carter wins face-off versus Maxim Talbot in Avalanche zone.
11:25 of 1st period - Snap shot by Scott Hartnell.
11:25 of 1st period - Shot Misses the Net.
11:27 of 1st period - Snap shot by Jeff Carter.
11:27 of 1st period - Shot Misses the Net.
11:33 of 1st period - Snap shot by Jeff Carter.
11:33 of 1st period - Shot Blocked by Dave Tanabe.
11:35 of 1st period - Snap shot by Jeff Carter.
11:35 of 1st period - Stopped by Marty Turco without a rebound.
11:36 of 1st period - Eric Lindros wins face-off versus Oleg Kvasha in Avalanche zone.
12:45 of 1st period - Daniel Cleary is hit by Daniel Briere.
13:29 of 1st period - Bryan Little is hit by Richard Lintner and loses puck.
14:32 of 1st period - Slapshot by Erik Cole.
14:32 of 1st period - Shot Blocked by Ryan O'Byrne.
14:38 of 1st period - Wrist shot by Daniel Cleary.
14:38 of 1st period - Stopped by Evgeni Nabokov without a rebound.
14:39 of 1st period - Eric Lindros wins face-off versus Bryan Little in Bruins zone.
16:01 of 1st period - Snap shot by Ryan Smyth.
16:01 of 1st period - Stopped by Evgeni Nabokov with a rebound.
16:21 of 1st period - Snap shot by Ryan Smyth.
16:21 of 1st period - Stopped by Evgeni Nabokov with a rebound.
16:23 of 1st period - Wrist shot by Jack Johnson.
16:23 of 1st period - Stopped by Evgeni Nabokov without a rebound.
16:24 of 1st period - Jeff Carter wins face-off versus Mike Comrie in Bruins zone.
16:24 of 1st period - Jeff Carter is hit by Daniel Cleary.
16:36 of 1st period - Dave Tanabe is hit by Jeff Carter.
16:52 of 1st period - Wrist shot by Dave Bolland.
16:52 of 1st period - Goal by Dave Bolland - Bruins : 1 - Avalanche : 0.
16:53 of 1st period - Eric Lindros wins face-off versus Mike Comrie in neutral zone.
16:57 of 1st period - Minor Penalty to Daniel Briere for Cross-checking.
16:58 of 1st period - Oleg Kvasha wins face-off versus Eric Lindros in Bruins zone.
17:04 of 1st period - Wrist shot by Oleg Kvasha.
17:04 of 1st period - Shot Blocked by Ryan O'Byrne.
17:06 of 1st period - Snap shot by Daniel Cleary.
17:06 of 1st period - Shot Misses the Net.
17:08 of 1st period - Snap shot by Dave Tanabe.
17:08 of 1st period - Shot Misses the Net.
17:14 of 1st period - Snap shot by Oleg Kvasha.
17:14 of 1st period - Shot Misses the Net.
17:32 of 1st period - Backhand shot by Corey Perry.
17:32 of 1st period - Shot Misses the Net.
18:56 of 1st period - Richard Lintner is hit by Jack Johnson and loses puck.
18:57 of 1st period - Penalty to Daniel Briere is over, Daniel Briere is back on ice.
19:11 of 1st period - Wrist shot by Dave Bolland.
19:11 of 1st period - Stopped by Marty Turco without a rebound.
19:12 of 1st period - Maxim Talbot wins face-off versus Jeff Carter in Avalanche zone.
19:27 of 1st period - Shane O'Brien is hit by Zdeno Chara and loses puck.
19:58 of 1st period - Snap shot by Mike Comrie.
19:58 of 1st period - Stopped by Evgeni Nabokov without a rebound.
19:59 of 1st period - Mike Comrie wins face-off versus Eric Lindros in Bruins zone.
Goals for this period are 1 for Bruins vs 0 for Avalanche.
Shots for this period are 10 for Bruins vs 12 for Avalanche.
2nd period
0:01 of 2nd period - Oleg Kvasha wins face-off versus Eric Lindros in neutral zone.
0:06 of 2nd period - Slapshot by Brian Campbell.
0:06 of 2nd period - Shot Blocked by Eric Lindros.
0:12 of 2nd period - Wrist shot by Eric Lindros.
0:12 of 2nd period - Shot Blocked by Oleg Kvasha.
0:27 of 2nd period - Minor Penalty to Dave Tanabe for Roughing.
0:28 of 2nd period - Eric Lindros wins face-off versus Mike Comrie in Avalanche zone.
0:29 of 2nd period - Wrist shot by Daniel Briere.
0:29 of 2nd period - Goal by Daniel Briere - Bruins : 2 - Avalanche : 0.
0:30 of 2nd period - Mike Comrie wins face-off versus Eric Lindros in neutral zone.
1:22 of 2nd period - Wrist shot by Maxim Talbot.
1:22 of 2nd period - Deflect By Chuck Kobasew.
1:22 of 2nd period - Stopped by Evgeni Nabokov without a rebound.
1:23 of 2nd period - Maxim Talbot wins face-off versus Dave Bolland in Bruins zone.
1:26 of 2nd period - Backhand shot by Chuck Kobasew.
1:26 of 2nd period - Stopped by Evgeni Nabokov with a rebound.
1:53 of 2nd period - Wrist shot by Jeff Carter.
1:53 of 2nd period - Shot Misses the Net.
1:55 of 2nd period - Slapshot by Zdeno Chara.
1:55 of 2nd period - Shot Blocked by Jack Johnson.
1:57 of 2nd period - Slapshot by Andrew Alberts.
1:57 of 2nd period - Shot Blocked by Maxim Talbot.
1:59 of 2nd period - Slapshot by Zdeno Chara.
1:59 of 2nd period - Stopped by Marty Turco with a rebound.
2:01 of 2nd period - Wrist shot by Jeff Carter.
2:01 of 2nd period - Stopped by Marty Turco with a rebound.
2:11 of 2nd period - Slapshot by Jack Johnson.
2:11 of 2nd period - Shot Blocked by Wojtek Wolski.
2:31 of 2nd period - Ryan O'Byrne is hit by Ryan Smyth and loses puck.
2:58 of 2nd period - Wrist shot by Victor Oreskovich.
2:58 of 2nd period - Stopped by Marty Turco without a rebound.
2:59 of 2nd period - Dave Bolland wins face-off versus Daniel Cleary in Avalanche zone.
3:21 of 2nd period - Snap shot by Dave Bolland.
3:21 of 2nd period - Stopped by Marty Turco without a rebound.
3:22 of 2nd period - Oleg Kvasha wins face-off versus Eric Lindros in Avalanche zone.
3:49 of 2nd period - Wrist shot by Matt Cooke.
3:49 of 2nd period - Stopped by Marty Turco with a rebound.
4:01 of 2nd period - Wrist shot by Oleg Kvasha.
4:01 of 2nd period - Shot Misses the Net.
4:03 of 2nd period - Wrist shot by Corey Perry.
4:03 of 2nd period - Shot Misses the Net.
4:25 of 2nd period - Slapshot by Ryan Smyth.
4:25 of 2nd period - Shot Blocked by Matt Cooke.
4:27 of 2nd period - Snap shot by Oleg Kvasha.
4:27 of 2nd period - Deflect By Corey Perry.
4:27 of 2nd period - Shot Blocked by Christoph Schubert.
4:27 of 2nd period - Puck is out of play.
4:28 of 2nd period - Mike Comrie wins face-off versus Daniel Briere in Bruins zone.
4:54 of 2nd period - Vitali Yachmenev is hit by Jeff Taffe.
5:04 of 2nd period - Slapshot by Zdeno Chara.
5:04 of 2nd period - Shot Misses the Net.
5:16 of 2nd period - Slapshot by Maxim Talbot.
5:16 of 2nd period - Goal by Maxim Talbot - Bruins : 2 - Avalanche : 1.
5:17 of 2nd period - Eric Lindros wins face-off versus Daniel Cleary in neutral zone.
5:20 of 2nd period - Jack Johnson is hit by Eric Lindros and loses puck.
5:25 of 2nd period - Slapshot by Eric Lindros.
5:25 of 2nd period - Stopped by Marty Turco with a rebound.
6:33 of 2nd period - Minor Penalty to Michal Grosek for Hooking.
6:34 of 2nd period - Eric Lindros wins face-off versus Oleg Kvasha in Bruins zone.
7:03 of 2nd period - Icing by Corey Perry.
7:04 of 2nd period - Eric Lindros wins face-off versus Corey Perry in Avalanche zone.
7:53 of 2nd period - Wrist shot by Éric Perrin.
7:53 of 2nd period - Stopped by Marty Turco without a rebound.
7:54 of 2nd period - Eric Lindros wins face-off versus Oleg Kvasha in Avalanche zone.
8:33 of 2nd period - Penalty to Michal Grosek is over, Michal Grosek is back on ice.
8:45 of 2nd period - Snap shot by Andrew Ladd.
8:45 of 2nd period - Stopped by Evgeni Nabokov without a rebound.
8:46 of 2nd period - Dave Bolland wins face-off versus Mike Comrie in Bruins zone.
8:51 of 2nd period - Snap shot by Matt Cooke.
8:51 of 2nd period - Shot Misses the Net.
9:11 of 2nd period - Corey Perry is hit by Scott Hartnell.
9:15 of 2nd period - Slapshot by Scott Hartnell.
9:15 of 2nd period - Shot Misses the Net.
10:42 of 2nd period - Wrist shot by Scott Hartnell.
10:42 of 2nd period - Stopped by Marty Turco without a rebound.
10:43 of 2nd period - Mike Comrie wins face-off versus Eric Lindros in Avalanche zone.
10:45 of 2nd period - Minor Penalty to Erik Cole for Hooking.
10:46 of 2nd period - Eric Lindros wins face-off versus Mike Comrie in Avalanche zone.
11:49 of 2nd period - Slapshot by Dave Tanabe.
11:49 of 2nd period - Shot Blocked by Scott Hartnell.
12:33 of 2nd period - Marc Staal is hit by Eric Lindros and loses puck.
12:45 of 2nd period - Penalty to Erik Cole is over, Erik Cole is back on ice.
12:52 of 2nd period - Erik Cole is hit by Dave Bolland and loses puck.
12:59 of 2nd period - Jack Johnson is hit by Matt Cooke and loses puck.
13:10 of 2nd period - Slapshot by Ryan Smyth.
13:10 of 2nd period - Stopped by Evgeni Nabokov with a rebound.
13:22 of 2nd period - Oleg Kvasha is hit by Martin Erat and loses puck.
13:45 of 2nd period - Icing by Vitali Yachmenev.
13:46 of 2nd period - Mike Comrie wins face-off versus Jeff Carter in Bruins zone.
13:49 of 2nd period - Wrist shot by Mike Comrie.
13:49 of 2nd period - Stopped by Evgeni Nabokov with a rebound.
13:51 of 2nd period - Wrist shot by Daniel Cleary.
13:51 of 2nd period - Shot Blocked by Scott Hartnell.
13:53 of 2nd period - Wrist shot by Daniel Cleary.
13:53 of 2nd period - Stopped by Evgeni Nabokov without a rebound.
13:54 of 2nd period - Oleg Kvasha wins face-off versus Eric Lindros in Bruins zone.
14:07 of 2nd period - Wrist shot by Wojtek Wolski.
14:07 of 2nd period - Stopped by Marty Turco without a rebound.
14:08 of 2nd period - Eric Lindros wins face-off versus Mike Comrie in Avalanche zone.
14:40 of 2nd period - Snap shot by Ryan Smyth.
14:40 of 2nd period - Stopped by Evgeni Nabokov with a rebound.
14:42 of 2nd period - Wrist shot by Ryan Smyth.
14:42 of 2nd period - Shot Misses the Net.
14:57 of 2nd period - Wrist shot by Matt Cooke.
14:57 of 2nd period - Shot Blocked by Shane O'Brien.
14:59 of 2nd period - Wrist shot by Matt Cooke.
14:59 of 2nd period - Stopped by Marty Turco without a rebound.
15:00 of 2nd period - Mike Comrie wins face-off versus Eric Lindros in Avalanche zone.
15:11 of 2nd period - Snap shot by Erik Cole.
15:11 of 2nd period - Shot Misses the Net.
15:13 of 2nd period - Snap shot by Brian Campbell.
15:13 of 2nd period - Stopped by Evgeni Nabokov without a rebound.
15:14 of 2nd period - Oleg Kvasha wins face-off versus Eric Lindros in Bruins zone.
15:15 of 2nd period - Slapshot by Corey Perry.
15:15 of 2nd period - Stopped by Evgeni Nabokov without a rebound.
15:16 of 2nd period - Oleg Kvasha wins face-off versus Eric Lindros in Bruins zone.
15:27 of 2nd period - Wrist shot by Corey Perry.
15:27 of 2nd period - Goal by Corey Perry - Bruins : 2 - Avalanche : 2.
15:28 of 2nd period - Eric Lindros wins face-off versus Mike Comrie in neutral zone.
15:28 of 2nd period - Daniel Briere is hit by Mike Comrie and loses puck.
16:15 of 2nd period - Jeff Taffe is hit by Victor Oreskovich and loses puck.
16:28 of 2nd period - Brian Campbell is hit by Zdeno Chara and loses puck.
16:38 of 2nd period - Off-side.
16:39 of 2nd period - Maxim Talbot wins face-off versus Eric Lindros in neutral zone.
17:06 of 2nd period - Vitali Yachmenev is hit by Jack Johnson and loses puck.
17:59 of 2nd period - Slapshot by Martin Erat.
17:59 of 2nd period - Stopped by Marty Turco with a rebound.
18:29 of 2nd period - Mike Comrie is hit by Vitali Yachmenev and loses puck.
19:34 of 2nd period - Dave Tanabe is hit by Wojtek Wolski and loses puck.
Goals for this period are 1 for Bruins vs 2 for Avalanche.
Shots for this period are 12 for Bruins vs 11 for Avalanche.
3rd period
0:01 of 3rd period - Oleg Kvasha wins face-off versus Eric Lindros in neutral zone.
0:51 of 3rd period - Chuck Kobasew is hit by Victor Oreskovich and loses puck.
1:12 of 3rd period - Wrist shot by Bryan Little.
1:12 of 3rd period - Stopped by Evgeni Nabokov with a rebound.
1:14 of 3rd period - Snap shot by Jeff Taffe.
1:14 of 3rd period - Shot Misses the Net.
1:16 of 3rd period - Slapshot by Andy Delmore.
1:16 of 3rd period - Deflect By Bryan Little.
1:16 of 3rd period - Shot Blocked by Michal Grosek.
1:16 of 3rd period - Puck is out of play.
1:17 of 3rd period - Eric Lindros wins face-off versus Oleg Kvasha in Bruins zone.
1:22 of 3rd period - Slapshot by Corey Perry.
1:22 of 3rd period - Stopped by Evgeni Nabokov with a rebound.
1:28 of 3rd period - Snap shot by Oleg Kvasha.
1:28 of 3rd period - Stopped by Evgeni Nabokov without a rebound.
1:29 of 3rd period - Oleg Kvasha wins face-off versus Eric Lindros in Bruins zone.
1:40 of 3rd period - Snap shot by Ryan Smyth.
1:40 of 3rd period - Stopped by Evgeni Nabokov with a rebound.
2:23 of 3rd period - Mark Stuart is hit by Chuck Kobasew and loses puck.
3:04 of 3rd period - Icing by Christoph Schubert.
3:05 of 3rd period - Corey Perry wins face-off versus Eric Lindros in Bruins zone.
3:25 of 3rd period - Off-side.
3:26 of 3rd period - Jeff Carter wins face-off versus Mike Comrie in neutral zone.
3:39 of 3rd period - Snap shot by Mike Comrie.
3:39 of 3rd period - Shot Misses the Net.
3:41 of 3rd period - Wrist shot by Daniel Cleary.
3:41 of 3rd period - Shot Misses the Net.
3:51 of 3rd period - Corey Perry is hit by Zdeno Chara and loses puck.
4:00 of 3rd period - Slapshot by Marc Staal.
4:00 of 3rd period - Shot Misses the Net.
4:20 of 3rd period - Dave Bolland is hit by Andrew Ladd and loses puck.
4:44 of 3rd period - Ryan O'Byrne is hit by Dave Tanabe and loses puck.
6:16 of 3rd period - Minor Penalty to Rostislav Olesz for Hooking.
6:17 of 3rd period - Mike Comrie wins face-off versus Eric Lindros in Avalanche zone.
6:28 of 3rd period - Slapshot by Zdeno Chara.
6:28 of 3rd period - Goal by Zdeno Chara - Bruins : 3 - Avalanche : 2.
6:29 of 3rd period - Oleg Kvasha wins face-off versus Eric Lindros in neutral zone.
7:01 of 3rd period - Slapshot by Jack Johnson.
7:01 of 3rd period - Goal by Jack Johnson - Bruins : 3 - Avalanche : 3.
7:02 of 3rd period - Eric Lindros wins face-off versus Oleg Kvasha in neutral zone.
7:11 of 3rd period - Wrist shot by Wojtek Wolski.
7:11 of 3rd period - Stopped by Marty Turco without a rebound.
7:12 of 3rd period - Eric Lindros wins face-off versus Oleg Kvasha in Avalanche zone.
8:02 of 3rd period - Wrist shot by Eric Lindros.
8:02 of 3rd period - Stopped by Marty Turco without a rebound.
8:03 of 3rd period - Vitali Yachmenev wins face-off versus Mike Comrie in Avalanche zone.
8:29 of 3rd period - Jeff Taffe is hit by Matt Cooke and loses puck.
8:58 of 3rd period - Wrist shot by Chuck Kobasew.
8:58 of 3rd period - Stopped by Evgeni Nabokov without a rebound.
8:59 of 3rd period - Éric Perrin wins face-off versus Mike Comrie in Bruins zone.
8:59 of 3rd period - Éric Perrin is hit by Erik Cole.
9:11 of 3rd period - Snap shot by Martin Erat.
9:11 of 3rd period - Stopped by Marty Turco without a rebound.
9:12 of 3rd period - Eric Lindros wins face-off versus Mike Comrie in Avalanche zone.
9:37 of 3rd period - Daniel Briere is hit by Chuck Kobasew and loses puck.
10:02 of 3rd period - Slapshot by Scott Hartnell.
10:02 of 3rd period - Stopped by Marty Turco without a rebound.
10:03 of 3rd period - Oleg Kvasha wins face-off versus Jeff Carter in Avalanche zone.
10:05 of 3rd period - Minor Penalty to Ryan Smyth for Holding.
10:06 of 3rd period - Daniel Briere wins face-off versus Mike Comrie in Avalanche zone.
12:03 of 3rd period - Vitali Yachmenev is hit by Marc Staal and loses puck.
12:05 of 3rd period - Penalty to Ryan Smyth is over, Ryan Smyth is back on ice.
12:16 of 3rd period - Victor Oreskovich is hit by Corey Perry and loses puck.
12:28 of 3rd period - Oleg Kvasha is hit by Zdeno Chara and loses puck.
13:00 of 3rd period - Wrist shot by Andrew Ladd.
13:00 of 3rd period - Stopped by Evgeni Nabokov with a rebound.
13:10 of 3rd period - Daniel Cleary is hit by Eric Lindros and loses puck.
13:23 of 3rd period - Snap shot by Rostislav Olesz.
13:23 of 3rd period - Stopped by Evgeni Nabokov with a rebound.
13:42 of 3rd period - Vitali Yachmenev is hit by Ryan Smyth and loses puck.
13:57 of 3rd period - Zdeno Chara is hit by Andrew Ladd and loses puck.
14:28 of 3rd period - Slapshot by Andrew Alberts.
14:28 of 3rd period - Shot Blocked by Dave Tanabe.
14:59 of 3rd period - Icing by Ryan Smyth.
15:00 of 3rd period - Jeff Carter wins face-off versus Oleg Kvasha in Avalanche zone.
15:11 of 3rd period - Slapshot by Dave Tanabe.
15:11 of 3rd period - Stopped by Evgeni Nabokov without a rebound.
15:12 of 3rd period - Bryan Little wins face-off versus Eric Lindros in Bruins zone.
15:13 of 3rd period - Snap shot by Rostislav Olesz.
15:13 of 3rd period - Shot Misses the Net.
15:39 of 3rd period - Dave Bolland is hit by Maxim Talbot and loses puck.
15:48 of 3rd period - Slapshot by Jack Johnson.
15:48 of 3rd period - Deflect By Maxim Talbot.
15:48 of 3rd period - Shot Misses the Net.
15:48 of 3rd period - Puck is out of play.
15:49 of 3rd period - Maxim Talbot wins face-off versus Eric Lindros in Bruins zone.
15:50 of 3rd period - Snap shot by Chuck Kobasew.
15:50 of 3rd period - Stopped by Evgeni Nabokov without a rebound.
15:51 of 3rd period - Maxim Talbot wins face-off versus Eric Lindros in Bruins zone.
16:06 of 3rd period - Wrist shot by Eric Lindros.
16:06 of 3rd period - Shot Misses the Net.
16:36 of 3rd period - Wrist shot by Scott Hartnell.
16:36 of 3rd period - Stopped by Marty Turco with a rebound.
16:44 of 3rd period - Snap shot by Jeff Carter.
16:44 of 3rd period - Stopped by Marty Turco with a rebound.
17:44 of 3rd period - Snap shot by Bryan Little.
17:44 of 3rd period - Stopped by Evgeni Nabokov with a rebound.
17:46 of 3rd period - Snap shot by Rostislav Olesz.
17:46 of 3rd period - Shot Blocked by Vitali Yachmenev.
18:20 of 3rd period - Slapshot by Eric Lindros.
18:20 of 3rd period - Stopped by Marty Turco with a rebound.
18:22 of 3rd period - Slapshot by Scott Hartnell.
18:22 of 3rd period - Shot Misses the Net.
18:24 of 3rd period - Slapshot by Richard Lintner.
18:24 of 3rd period - Stopped by Marty Turco with a rebound.
18:53 of 3rd period - Mark Stuart is hit by Andy Delmore.
19:45 of 3rd period - Chuck Kobasew is hit by Victor Oreskovich and loses puck.
Goals for this period are 1 for Bruins vs 1 for Avalanche.
Shots for this period are 9 for Bruins vs 11 for Avalanche.
Overtime #1
0:01 of 1st overtime period - Ryan Smyth wins face-off versus Eric Lindros in neutral zone.
0:08 of 1st overtime period - Wrist shot by Oleg Kvasha.
0:08 of 1st overtime period - Shot Hit the Post.
0:10 of 1st overtime period - Slapshot by Oleg Kvasha.
0:10 of 1st overtime period - Stopped by Evgeni Nabokov with a rebound.
0:12 of 1st overtime period - Slapshot by Jack Johnson.
0:12 of 1st overtime period - Shot Blocked by Eric Lindros.
0:14 of 1st overtime period - Backhand shot by Marc Staal.
0:14 of 1st overtime period - Goal by Marc Staal - Bruins : 3 - Avalanche : 4.
Goals for this period are 0 for Bruins vs 1 for Avalanche.
Shots for this period are 0 for Bruins vs 2 for Avalanche.
Output by the SimonT Hockey Simulator (STHS) for François Prévost -- Original Page W3C XHTML 1.0 Valid